 Dungeon Crawl Stone Soup version 0.23-a0-54-gae6112e33f (webtiles) character file.

52 Destragon the Digger (level 3, 0/20 HPs)
             Began as a Gargoyle Earth Elementalist on Aug 8, 2018.
             Slain by a jackal (3 damage)
             ... on level 2 of the Dungeon.
             The game lasted 00:06:21 (1340 turns).

Destragon the Digger (Gargoyle Earth Elementalist)  Turns: 1340, Time: 00:06:22

Health: 0/20       AC:  5    Str: 11    XL:     3   Next: 85%
Magic:  6/6        EV: 12    Int: 16    God:
Gold:   84         SH:  0    Dex: 10    Spells: 2/6 levels left

rFire    . . .     SeeInvis .   h - -1 dagger (curse)
rCold    . . .     Gourm    .   (no shield)
rNeg     + . .     Faith    .   c - +0 robe
rPois    ∞         Spirit   .   (no helmet)
rElec    +         Reflect  .   (no cloak)
rCorr    .         Harm     .   (no gloves)
MR       .....                  (no boots)
Stlth    ++........             (no amulet)
HPRegen  0.06/turn              (no ring)
MPRegen  0.10/turn              (no ring)

@: no status effects
A: negative energy resistance 1, electricity resistance, unbreathing,
petrification resistance, rot immunity, AC +3
a: no special abilities


You were on level 2 of the Dungeon.
You were not hungry.

You visited 1 branch of the dungeon, and saw 2 of its levels.

You collected 84 gold pieces.

Inventory:

Hand Weapons
 h - a cursed -1 dagger (weapon)
 i - a +0 whip
Missiles
 b - 76 stones (quivered)
Armour
 c - a +0 robe (worn)
 o - a +0 leather armour
Jewellery
 n - an uncursed ring of see invisible {unknown}
Scrolls
 f - a scroll of identify {unknown}
 j - a scroll of remove curse {unknown}
 k - a scroll of enchant armour {unknown}
 l - 2 scrolls of blinking {unknown}
Potions
 e - a potion of brilliance {unknown}
 g - a potion of flight {unknown}
 m - a potion of magic {unknown}
 p - a potion of curing {unknown}
Comestibles
 d - 3 rations


   Skills:
 + Level 1.3 Fighting
 - Level 1.5 Dodging
 + Level 2.9 Stealth
 + Level 2.4 Spellcasting
   Level 0.7 Transmutations
 * Level 4.5 Earth Magic


You had 2 spell levels left.
You knew the following spells:

 Your Spells              Type           Power        Failure   Level  Hunger
a - Sandblast             Erth           ###...       3%          1    #......
b - Stone Arrow           Conj/Erth      #.....       24%         3    ###....

Your spell library contained the following spells:

 Spells                   Type           Power        Failure   Level  Hunger
 Passwall                 Tmut/Erth      ##......     10%         2    ###....
 Lee's Rapid Deconstruct  Erth           ###.......   63%         5    ######.
 Petrify                  Tmut/Erth      ##......     54%         4    #####..


Dungeon Overview and Level Annotations

Branches:
Dungeon (2/15)

Altars:


Innate Abilities, Weirdness & Mutations

You are resistant to torment.
Your stone body is resilient. (AC +3)
You are immune to poison.
You resist negative energy. (rN+)
You are resistant to electric shocks. (rElec)
You can survive without breathing.
You are immune to petrification.
You are immune to rotting.


Message History

The jackal is moderately wounded.
The jackal bites you but does no damage.
You closely miss the jackal.
The jackal is moderately wounded.
The jackal barely misses you.
The jackal bites you but does no damage.
You closely miss the jackal.
The jackal bites you but does no damage.
You hit the jackal.
The jackal is heavily wounded.
The jackal barely misses you.
You barely miss the jackal.
The jackal is heavily wounded.
The jackal misses you.
The jackal bites you but does no damage.
The adder hisses angrily.
You hit the jackal but do no damage.
The jackal is heavily wounded.
The jackal bites you.
You die...

#####################
................@hS.#
###################.#
##### .... ###.#...#
...#.# ..#.#.#.#
....#.# #.#.#.#.#
.....# # #.#.#.#.#
...h..# #.#.#.#.#
#..h...# ..#.#.#.# .#


You could see an adder and a jackal.

Vanquished Creatures
  An adder (D:2)
  An ooze (D:2)
  A dart slug (D:1)
  A leopard gecko (D:2)
  A ball python (D:1)
  3 giant cockroaches
  3 goblins (D:1)
  4 hobgoblins (D:1)
  4 jackals
  6 bats
  6 kobolds (D:1)
31 creatures vanquished.

Notes
Turn   | Place    | Note
-------+----------+-------------------------------------------
     0 | D:1      | Destragon the Gargoyle Earth Elementalist began the quest for the Orb.
     0 | D:1      | Reached XP level 1. HP: 10/10 MP: 3/3
   143 | D:1      | Reached XP level 2. HP: 16/16 MP: 3/5
   280 | D:1      | Reached skill level 4 in Earth Magic
   568 | D:1      | Reached skill level 1 in Fighting
   664 | D:1      | Reached XP level 3. HP: 19/20 MP: 4/6
  1044 | D:2      | Learned a level 3 spell: Stone Arrow
  1340 | D:2      | Slain by a jackal

Vault maps used:
D:1:      giann_wishing_wells, minmay_misc_feat_enclosed, serial_bayou_ford_a
D:2:      tso_altar

Skill      XL: |  1  2 |
---------------+-------+-----
Earth Magic    | 4 |  4.5
Fighting       | 1 |  1.3
Dodging        | |  1.5
Stealth        | |  2.9
Spellcasting   | |  2.4
Transmutations | |  0.7

Action                   || total
-------------------------++-------
Melee: Unarmed           ||    26
       Dagger            ||    90
 Cast: Sandblast         ||    32
       Stone Arrow       ||     1
 Stab: Sleeping          ||     1
  Eat: Chunk             ||     2
Armor: Robe              ||    78
Dodge: Dodged            ||   110

Table legend:
 A = Spawn XP
 B = Non-spawn XP
 C = Spawn XP percentage of total XP
 D = Spawn monster count
 E = Non-spawn monster count
 F = Spawn count percentage of total count
 G = Total turns spent on level
                    A         B        C        D         E        F      G
               +---------+---------+-------+---------+---------+-------+---------
         Total |       0 |      75 |   0.0 |       0 |      31 |   0.0 |  1340
               +---------+---------+-------+---------+---------+-------+---------
           D:1 |       0 |      41 |   0.0 |       0 |      22 |   0.0 |  1039
           D:2 |       0 |      34 |   0.0 |       0 |       9 |   0.0 |   301
               +---------+---------+-------+---------+---------+-------+---------
